AoeStats
← Kaiser Ze

Nomad

509331760Analyzed
2v2 RM · 6d ago on Sep 26, 2026· 33m 55s· 4 players
Game mode
Random Map
Map size
176×176
Population
200
Speed
Normal
Resources
Standard
Victory
Conquest
Starting age
Dark Age
Ending age
Imperial Age
RankedLock teamsTeams togetherTeam positionsShared explorationLock speedFull tech treeHidden civsTurbo modeCheats
Victory
Defeat
🇳🇱 Saxons · Netherlands
1381
+16
🇳🇱 Varangians · Netherlands
1340
+18
🇨🇳 Persians · China
1418
-18
🇨🇳 Franks · China
1355
-16
[Snats] Sjoerd&Naat Carrier
10:36 Loom
13:53 Feudal Age
17:25 Castle Age
15:10 Fishing Lines
15:35 Double-Bit Axe
16:45 Scale Barding Armor
16:51 Forging
18:33 Chain Barding Armor
18:32 Bloodlines
21:59 Wheelbarrow
23:30 Light Cavalry
30:46 Husbandry
32:05 Fletching
32:52 Horse Collar
34:38 Iron Casting
[Snats] Naat&Sjoerd Carrier
4:51 Loom
12:29 Feudal Age
14:12 Double-Bit Axe
18:19 Castle Age
16:54 Fletching
17:28 Stone Mining
17:22 Fishing Lines
19:15 Bow Saw
19:03 Gillnets
19:31 Medium Warships
19:46 Bodkin Arrow
22:48 Ballistics
28:24 Scale Mail Armor
28:34 Forging
28:28 Squires
28:18 Arson
30:34 Chain Mail Armor
老菜套
3:56 Loom
14:14 Feudal Age
15:07 Town Watch
18:19 Castle Age
16:35 Scale Barding Armor
17:13 Forging
19:43 Wheelbarrow
19:47 Chain Barding Armor
Kaiser Ze
5:36 Loom
12:02 Feudal Age
18:14 Castle Age
16:00 Fishing Lines
16:40 Double-Bit Axe
16:47 Gold Mining
18:59 Wheelbarrow
18:21 Fletching
21:35 Crossbowman
24:16 Thumb Ring
28:24 Bodkin Arrow
29:25 Padded Archer Armor
30:33 Ballistics
31:25 Bloodlines
32:05 Husbandry
Connection lost

Rejoining the realm…

Still unreachable

The connection could not be restored.

Session expired

The server has moved on; the page needs a fresh start.